 Dungeon Sprint DCSS version 0.29.0-11-gd7f09526c8 (webtiles) character file.

Game seed: 233160344499470065

1493 CatboyDyl the Imperceptible (level 9, -5/56 HPs)
             Began as a Kobold Brigand on Sept 5, 2022.
             Killed from afar by a deep elf zephyrmancer (22 damage)
             ... with a bolt of lightning
             ... in the Dungeon (Sprint V: "Ziggurat Sprint").
             The game lasted 00:04:07 (231 turns).

CatboyDyl the Imperceptible (Kobold Brigand)         Turns: 231, Time: 00:04:08

Health: -5/56      AC: 16    Str:  9    XL:     9   Next: 7%
Magic:  9/9        EV:  5    Int: 12    God:
Gold:   0          SH:  9    Dex: 20    Spells: 8/8 levels left

rFire   + + .      SeeInvis .   F - +5 quick blade
rCold   + . .      Faith    .   H - +3 buckler
rNeg    + . .      Spirit   .   I - +5 shadow dragon scales
rPois   .          Reflect  .   (no helmet)
rElec   .          Harm     .   N - scarf {rC+ rF+}
rCorr   .          Rampage  .   (no gloves)
Will    .....      NoTele   +   (no boots)
Stlth   ++++++++++              (no amulet)
HPRegen 0.18/turn               L - ring "Ojozocluitz" {rF+ rN+ Slay+5}
MPRegen 0.11/turn               (no ring)

@: hasted, very quick
A: small, no large weapons, nightstalker 3
a: no special abilities


You were in the Dungeon.
You visited 1 branch

Inventory:

Hand Weapons
 a - a +2 dagger
 E - a +5 dagger
 F - a +5 quick blade (weapon)
 G - a +5 rapier
 J - a +2 rapier of draining
Missiles
 d - 9 poisoned darts (quivered)
 e - 3 curare-tipped darts
Armour
 b - a +0 robe
 c - a +0 cloak
 H - a +3 buckler (worn)
 I - +5 shadow dragon scales (worn)
 N - a scarf of resistance (worn)
 R - a +0 leather armour of cold resistance
Magical Staves
 m - a staff of air
 K - a staff of cold
Jewellery
 u - a ring of flight
 v - a +6 ring of dexterity
 w - a +6 ring of dexterity
 x - a +6 ring of intelligence
 y - a +6 ring of intelligence
 z - a +6 ring of strength
 A - a +6 ring of strength
 L - the ring "Ojozocluitz" (left hand) {rF+ rN+ Slay+5}
   (You found it in the Dungeon)

   [ring of protection from fire]

   Slay:      It affects your accuracy & damage with ranged weapons and melee
   (+5).
   rF:        It protects you from fire.
   rN:        It protects you from negative energy.
 M - the ring of Shadows {Umbra +Inv Stlth+}
   (You found it in the Dungeon)

   [ring of stealth]

   It surrounds you with an aura of shadow, increasing your stealth and reducing
   the accuracy of all others within it.
   +Inv:      It lets you turn invisible.
   Stlth:     It makes you more stealthy.
Wands
 B - a wand of mindburst (7)
 C - a wand of iceblast (7)
 D - a wand of acid (7)
Scrolls
 k - 4 scrolls of blinking
 q - 4 scrolls of amnesia
 r - 7 scrolls of butterflies
 s - 5 scrolls of identify
 t - 2 scrolls of fear
 P - a scroll of brand weapon
Potions
 f - 10 potions of curing
 g - 9 potions of heal wounds
 h - 8 potions of haste
 i - 7 potions of magic
 j - 3 potions of berserk rage
 l - 2 potions of brilliance
 n - 4 potions of resistance
 o - a potion of experience
 p - 5 potions of might
Miscellaneous
 O - a piece from Xom's chessboard (15/15)
 Q - a tin of tremorstones (2/2)


   Skills:
 + Level 6.6 Fighting
 + Level 9.1 Short Blades
 + Level 6.6 Throwing
 + Level 2.0 Dodging
 + Level 21.8 Stealth
 + Level 1.5 Shields


You had 8 spell levels left.
You didn't know any spells.
Your spell library was empty.

Dungeon Overview and Level Annotations

Branches:
Dungeon (1/1)

Altars:
Ashenzari
Cheibriados
Dithmenos
Elyvilon
Fedhas
Gozag
Hepliaklqana
Kikubaaqudgha
Makhleb
Nemelex Xobeh
Okawaru
Qazlal
Ru
Sif Muna
Trog
Uskayaw
Vehumet
Wu Jian
Xom
Yredelemnul
Zin
The Shining One
Jiyva
Lugonu

Annotations:
D 1 transporter


Innate Abilities, Weirdness & Mutations

You are small and have problems with some larger weapons.
You are completely attuned to the shadows.


Message History

You see here a +0 leather armour of cold resistance.
You see here a piece from Xom's chessboard (15/15).
O - a piece from Xom's chessboard (15/15)
P - a scroll of brand weapon You see here a tin of tremorstones (2/2).
Q - a tin of tremorstones (2/2)
You see here a +0 leather armour of cold resistance.
You see here a +0 leather armour of cold resistance.
There is a transporter here.
There are no items here.
There is a transporter here.
You see here a +0 leather armour of cold resistance.
R - a +0 leather armour of cold resistance
There is a transporter here.
Welcome to arena 5.
You enter the transporter and appear at another place.
A deep elf zephyrmancer and a deep elf pyromancer come into view.
Found a staff of death and the +10 dagger "Badous" {pain, rElec}.
A deep elf knight and 2 deep elf zephyrmancers come into view.
Found three items.
Found a transporter.
The deep elf zephyrmancer shouts! x2; The deep elf knight shouts!
The deep elf zephyrmancer shouts!
The deep elf zephyrmancer points at you and mumbles some strange words.
The bolt of lightning hits you!!
* * * LOW HITPOINT WARNING * * *
The deep elf pyromancer hits you but does no damage.
You block the deep elf zephyrmancer's attack. x2
The deep elf knight hits you with a +0 scimitar.
* * * LOW HITPOINT WARNING * * *
You completely miss the deep elf knight.
You feel much better. You block the deep elf knight's attack.
The deep elf zephyrmancer hits you with a +0 long sword.
The deep elf pyromancer casts a spell.
The deep elf pyromancer blinks!
The deep elf zephyrmancer points at you and mumbles some strange words.
The bolt of lightning misses you.
The deep elf zephyrmancer points at you and mumbles some strange words.
The bolt of lightning hits you!!
You die...

▓.....▓.....▓.....▓
▓.....▓.....▓.....▓
▓.....▓.....▓.....▓
▓.....▓.....▓..©..▓
▓..©..▓..©..▓▓▓▓▓▓▓
▓▓▓▓▓▓▓▓▓▓▓▓▓▓▓▓▓▓
▓..8©8...▓..8©8...
▓........▓..eee...
▓........▓..e@§...
▓........▓......e.
▓........▓........
▓.▓....▓.▓.▓....▓.
▓...©....▓...©....
▓▓▓▓▓▓▓▓▓▓▓▓▓▓▓▓▓▓


You could see a deep elf knight, a deep elf pyromancer and 3 deep elf
zephyrmancers.

Vanquished Creatures
  A mummy priest (D)
  A death scarab (D)
  An ice beast (D)
  A crimson imp (D)
  An iron imp (D)
  3 jellies (D)
  2 mummies (D)
  A shadow imp (D)
  An endoplasm (D)
  A ball python simulacrum (D)
13 creatures vanquished.

Notes
Turn   | Place    | Note
-------+----------+-------------------------------------------
     0 | D        | CatboyDyl the Kobold Brigand began the quest for the Orb.
     0 | D        | Reached XP level 1. HP: 12/12 MP: 1/1
     0 | D        | Found a radiant altar of Vehumet.
     7 | D        | Found a sacrificial altar of Ru.
     7 | D        | Found a shimmering blue altar of Sif Muna.
     7 | D        | Found a stormy altar of Qazlal.
     7 | D        | Found a bloodstained altar of Trog.
     7 | D        | Found an iron altar of Okawaru.
    11 | D        | Found a hide-covered altar of Uskayaw.
    18 | D        | Found the +6 Majin-Bo {vamp, MP+6 Int+6}
    18 | D        | Found the +9 heavy crossbow "Sniper" {vorpal, Acc+∞ SInv}
    18 | D        | Found the +10 dark maul {vorpal}
    18 | D        | Found the +15 Maxwell's patent armour {-Cast -Tele rElec
                  | Will+ rCorr}
    18 | D        | Found the +18 shield of the Gong {rElec rN+ Will+ EV-5}
    18 | D        | Found the +14 obsidian axe {vorpal, Mesm Drain Fly SInv}
    18 | D        | Found the +7 great mace "Firestarter" {inner flame, rF++}
    18 | D        | Found the +6 shillelagh "Devastator" {shatter}
    18 | D        | Found the +11 plutonium sword {Contam Stlth-}
    18 | D        | Found the +8 lance "Wyrmbane" {slay drac, rPois rF+ rC+
                  | AC+3}
    18 | D        | Found the +9 sword of Zonguldrok {reap}
    18 | D        | Found the +13 scythe of Curses {drain, Drain}
    18 | D        | Found the +5 sword of Power {vorpal}
    18 | D        | Found the +7 mace of Variability {chain chaos}
    18 | D        | Found the +7 Singing Sword {vorpal, sonic wave}
    18 | D        | Found the +8 storm bow {elec, penet}
    20 | D        | Found a transporter.
    20 | D        | Found a viscous altar of Jiyva.
    20 | D        | Found an ancient bone altar of Kikubaaqudgha.
    20 | D        | Found a hazy altar of Hepliaklqana.
    21 | D        | Found an opulent altar of Gozag.
    23 | D        | Found a white marble altar of Elyvilon.
    23 | D        | Found a shadowy altar of Dithmenos.
    23 | D        | Found a blossoming altar of Fedhas.
    23 | D        | Found a snail-covered altar of Cheibriados.
    29 | D        | Found a corrupted altar of Lugonu.
    43 | D        | Found a burning altar of Makhleb.
    44 | D        | Found a sparkling altar of Nemelex Xobeh.
    65 | D        | Found a broken altar of Ashenzari.
    66 | D        | Found a glowing golden altar of the Shining One.
    99 | D        | Entered arena 2.
    99 | D        | Noticed an ice beast
   101 | D        | Found a transporter.
   107 | D        | Killed an ice beast
   108 | D        | Reached skill level 11 in Stealth
   108 | D        | Reached XP level 2. HP: 19/19 MP: 2/2
   108 | D        | Reached XP level 3. HP: 23/23 MP: 3/3
   108 | D        | Reached XP level 4. HP: 28/28 MP: 4/4
   124 | D        | Entered arena 3.
   126 | D        | Found a transporter.
   129 | D        | Reached XP level 5. HP: 32/32 MP: 5/5
   133 | D        | Reached skill level 12 in Stealth
   136 | D        | Reached skill level 13 in Stealth
   141 | D        | Got the ring "Ojozocluitz" {rF+ rN+ Slay+5}
   147 | D        | Entered arena 4.
   148 | D        | Noticed a mummy priest
   148 | D        | Noticed a death scarab
   148 | D        | Found the ring of Shadows {Umbra +Inv Stlth+}
   149 | D        | Found a transporter.
   154 | D        | Reached skill level 5 in Short Blades
   154 | D        | Reached skill level 14 in Stealth
   154 | D        | Reached XP level 6. HP: 38/38 MP: 6/6
   155 | D        | Killed a mummy priest
   156 | D        | Reached skill level 5 in Fighting
   156 | D        | Reached skill level 19 in Stealth
   156 | D        | Reached skill level 1 in Shields
   156 | D        | Reached XP level 7. HP: 23/45 MP: 7/7
   156 | D        | Reached XP level 8. HP: 26/51 MP: 8/8
   156 | D        | Killed a death scarab
   157 | D        | Reached skill level 21 in Stealth
   157 | D        | Reached XP level 9. HP: 29/56 MP: 9/9
   185 | D        | Entered arena 5.
   188 | D        | Found a transporter.
   225 | D        | Entered arena 6.
   225 | D        | Noticed a deep elf zephyrmancer
   225 | D        | Noticed a deep elf pyromancer
   226 | D        | Noticed a deep elf zephyrmancer
   226 | D        | Noticed a deep elf knight
   226 | D        | Noticed a deep elf zephyrmancer
   227 | D        | Found a transporter.
   231 | D        | Killed from afar by a deep elf zephyrmancer

Illustrated notes

Levels and vault maps discovered:
D:        sprint_v [room_start, room_1, room_2, room_3, room_4, room_5, room_6,
          room_7, room_8, room_9, room_10, room_11, room_12, room_13, room_14,
          room_15, room_16, room_17, room_18, room_19, room_20, room_21,
          room_22, room_23, room_24, room_25, room_26, room_27]

Skill      XL: |  1  2  3  4  5  6  7  8  9 |
---------------+----------------------------+-----
Fighting       | 3 4 5 6 |  6.6
Short Blades   | 4 5 7 8 9 |  9.1
Throwing       | 3 4 6 |  6.6
Stealth        | 11 14 19 21 | 21.8
Shields        | 1 |  1.5
Dodging        | 2 |  2.0

Action                   |  1- 3 |  4- 6 |  7- 9 || total
-------------------------+-------+-------+-------++-------
Melee: Quick blade       |     2 |     8 |     8 ||    18
  Use: Potion            |     3 |     1 |     2 ||     6
 Stab: Sleeping          |     2 |     3 |     2 ||     7
       Invisible         |       |     1 |       ||     1
Armor: Shadow dragon sca |       |       |     2 ||     2
Dodge: Dodged            |       |       |     2 ||     2
Block: Buckler           |       |     2 |     3 ||     5
